 Dungeon Crawl Stone Soup version 0.19.1 (webtiles) character file.

98 StormySan the Skirmisher (level 4, -1/41 HPs)
             Began as a Minotaur Berserker on Dec 7, 2016.
             Was a Believer of Trog.
             Slain by an ice beast (11 damage)
             ... on level 3 of the Dungeon.
             The game lasted 00:04:59 (2117 turns).

StormySan the Skirmisher (Minotaur Berserker)       Turns: 2117, Time: 00:05:00

Health: -1/41      AC: 11    Str: 22    XL:     4   Next: 44%
Magic:  3/3        EV:  7    Int:  4    God:    Trog [**....]
Gold:   54         SH:  0    Dex: 10    Spells: 0 memorised, 3 levels left

rFire  . . .     SeeInvis .     a - +0 hand axe
rCold  . . .     Gourm    .     n - +0 plate armour
rNeg   . . .     Faith    .     (no shield)
rPois  .         Spirit   .     (helmet restricted)
rElec  .         Reflect  .     (no cloak)
rCorr  .         Harm     .     (no gloves)
MR     .....                    (no boots)
Stlth  ..........               (no amulet)
                                (no ring)
                                (no ring)

@: exhausted, slowed, very slow
A: retaliatory headbutt, horns 2
a: Berserk, Trog's Hand, Burn Spellbooks, Renounce Religion


You were on level 3 of the Dungeon.
You worshipped Trog.
Trog was pleased with you.
You were very hungry.

You visited 1 branch of the dungeon, and saw 3 of its levels.

You collected 54 gold pieces.

Inventory:

Hand Weapons
 a - a +0 hand axe (weapon)
Armour
 e - a +0 ring mail
 n - a +0 plate armour (worn)
Wands
 r - a wand of lightning (11/15)
Scrolls
 f - 2 scrolls of fog
 j - 3 scrolls of identify {unknown}
 k - a scroll of magic mapping {unknown}
 m - a scroll of remove curse {unknown}
 p - a scroll of teleportation {unknown}
Potions
 b - 2 potions of lignification {unknown}
 h - a potion of agility {unknown}
 i - a potion of might {unknown}
 l - a potion of curing {unknown}
 o - a potion of berserk rage {unknown}
 s - a potion of brilliance {unknown}
 t - a potion of haste {unknown}
Comestibles
 c - 3 bread rations
 d - a meat ration
 g - 2 chunks of flesh


   Skills:
 + Level 4.9 Fighting
 + Level 4.6 Axes
 + Level 3.2 Armour
 + Level 2.5 Dodging
 + Level 0.1 Stealth


You had 3 spell levels left.
You didn't know any spells.

Dungeon Overview and Level Annotations

Branches:
Dungeon (3/15)

Altars:
Trog


Innate Abilities, Weirdness & Mutations

You reflexively headbutt those who attack you in melee.
You have a pair of horns on your head.


Message History

The ice beast hits you but does no damage.
The ice beast hits you. The ice beast freezes you!
You hit the ice beast. You headbutt the ice beast!
The ice beast is almost dead.
The ice beast hits you but does no damage.
You closely miss the ice beast.
The ice beast is almost dead.
The ice beast hits you but does no damage.
The ice beast closely misses you. You furiously retaliate!
You headbutt the ice beast. You hit the ice beast but do no damage.
The ice beast is almost dead.
The ice beast hits you. The ice beast freezes you!
* * * LOW HITPOINT WARNING * * *
You hit the ice beast but do no damage.
The ice beast is almost dead.
The ice beast hits you.
* * * LOW HITPOINT WARNING * * *
The ice beast freezes you!
You die...

#........<.....#
###.....######.#
#.#........ ...#
####...#...###
#### #....#.#.#.#
#....#.#.#####
#.(>...<......
#........#####
#........)@YK#
####.....###)....#
##...... ..#..#
#...#..#..# .#
##.##.....# ...
...... ....
...#... ....
.....#.


You could see an ice beast and a kobold.

Vanquished Creatures
  3 adders
  4 worms
  2 dart slugs
  3 leopard geckos
  4 orcs (D:3)
  2 ball pythons
  6 bats
  3 giant cockroaches
  7 goblins
  A hobgoblin (D:1)
  3 kobolds
  A quokka (D:3)
  5 frilled lizards
  7 rats
51 creatures vanquished.

Notes
Turn   | Place    | Note
-------+----------+-------------------------------------------
     0 | D:1      | StormySan the Minotaur Berserker began the quest for the Orb.
     0 | D:1      | Reached XP level 1. HP: 19/19 MP: 0/0
   268 | D:1      | Reached XP level 2. HP: 20/27 MP: 1/1
   832 | D:2      | Reached XP level 3. HP: 33/33 MP: 2/2
  1172 | D:2      | Found a bloodstained altar of Trog.
  1450 | D:2      | Reached XP level 4. HP: 34/41 MP: 3/3
  2096 | D:3      | Noticed an ice beast
  2100 | D:3      | Reached ** piety under Trog
  2117 | D:3      | Slain by an ice beast

Skill      XL: |  1  2  3 |
---------------+----------+-----
Fighting       | 4 |  4.9
Axes           | 4 |  4.6
Armour         | 3 |  3.2
Dodging        | |  2.5
Stealth        | |  0.1

Action                   |  1- 3 |  4- 6 || total
-------------------------+-------+-------++-------
Melee: Hand axe          |    71 |    35 ||   106
       Headbutt          |    16 |     8 ||    24
Invok: Burn Spellbooks   |       |     1 ||     1
       Berserk           |       |     1 ||     1
  Use: Scroll            |       |     1 ||     1
  Eat: Chunk             |     2 |       ||     2
       Beef jerky        |       |     1 ||     1
Armor: Animal skin       |     1 |       ||     1
       Ring mail         |    22 |       ||    22
       Plate armour      |     9 |    25 ||    34
Dodge: Dodged            |    43 |    12 ||    55
